 Dungeon Crawl Stone Soup version 0.25.0-1-g7eea58d2a3 (webtiles) character file.

Game seed: 12416452900559485499

3916 McIrco the Covert (level 10, -19/45 HPs)
             Began as a Spriggan Enchanter on June 14, 2020.
             Was an Initiate of Gozag.
             Killed by the air
             ... invoked by Gastronok
              (31 damage)
             ... on level 8 of the Dungeon.
             The game lasted 00:30:57 (11208 turns).

McIrco the Covert (Spriggan Enchanter)             Turns: 11208, Time: 00:30:57

Health: -19/45     AC:  3    Str:  4    XL:     10   Next: 1%
Magic:  30/30      EV: 26    Int: 18    God:    Gozag
Gold:   1224       SH:  5    Dex: 19    Spells: 11/23 levels left

rFire    . . .     SeeInvis +   C - +1 dagger (venom)
rCold    + . .     Gourm    .   (shield restricted)
rNeg     . . .     Faith    .   b - +1 robe
rPois    .         Spirit   .   (helmet restricted)
rElec    .         Reflect  +   (no cloak)
rCorr    .         Harm     .   (gloves unavailable)
MR       +....                  (boots unavailable)
Stlth    ++++++....             s - amulet of reflection
HPRegen  0.15/turn              j - ring of protection from cold
MPRegen  0.22/turn              B - ring of magical power

@: slowed, quick
A: very small, unfitting armour, see invisible, herbivore, speed 3, slow
metabolism 2
a: Potion Petition, Call Merchant, Bribe Branch, Renounce Religion


You were on level 8 of the Dungeon.
You worshipped Gozag.
Gozag was most pleased with you.
You were hungry.

You visited 2 branches of the dungeon, and saw 9 of its levels.
You also visited: Ossuary and Bailey.

You collected 1281 gold pieces.
You paid 57 gold pieces to Gozag.

Inventory:

Hand Weapons
 a - a +2 dagger
 w - the +10 hunting sling of Tension {venom, +Inv, unknown}
   (You found it on level 6 of the Dungeon)

   It poisons the ammo it fires.
   It lets you turn invisible.
 y - a +4 mace of holy wrath
 C - a +1 dagger of venom (weapon)
Armour
 b - a +1 robe (worn)
Jewellery
 j - a ring of protection from cold (left hand)
 s - an amulet of reflection (around neck)
 A - an uncursed ring of see invisible {unknown}
 B - a ring of magical power (right hand)
Wands
 u - a wand of flame (22)
 x - a wand of paralysis (7)
Scrolls
 e - 7 scrolls of identify
 g - 4 scrolls of teleportation
 l - 5 scrolls of amnesia
 m - a scroll of remove curse
 o - a scroll of random uselessness
Potions
 c - a potion of resistance
 f - 3 potions of cancellation
 h - 2 potions of might
 i - 2 potions of haste
 k - a potion of mutation
 n - 5 potions of brilliance
 q - a potion of invisibility
 r - a potion of magic
 t - 3 potions of lignification
 v - a potion of ambrosia
 z - a potion of stabbing
Comestibles
 d - 12 rations


   Skills:
 + Level 1.3 Fighting
 + Level 4.2 Short Blades
 * Level 9.1 Dodging
 * Level 13.6 Stealth
 + Level 7.0 Spellcasting
 + Level 8.0 Hexes
 + Level 2.5 Ice Magic


You had 11 spell levels left.
You knew the following spells:

 Your Spells              Type           Power        Failure   Level  Hunger
a - Corona                Hex            #####..      1%          1    None
b - Ensorcelled Hibernat  Hex/Ice        ####..       1%          2    None
c - Confusing Touch       Hex            #####...     1%          3    ##.....
d - Tukima's Dance        Hex            #####...     1%          3    ##.....
e - Dazzling Flash        Conj/Hex       ###...       6%          3    ##.....

Your spell library contained the following spells:

 Spells                   Type           Power        Failure   Level  Hunger


Dungeon Overview and Level Annotations

Branches:
Dungeon (8/15)             Temple (1/1) D:5         Ossuary (visited)
 Bailey (visited)
   Lair: D:8-11

Altars:
Ashenzari
Cheibriados
Dithmenos
Elyvilon
Fedhas
Gozag
Hepliaklqana
Makhleb
Nemelex Xobeh
Okawaru
Qazlal
Ru
Sif Muna
Trog
Uskayaw
Vehumet
Wu Jian
Xom
Zin
The Shining One

Shops:
D:4 :}*

Annotations:
D:8 Gastronok, Grum


Innate Abilities, Weirdness & Mutations

You are very small and have problems with some larger weapons.
You are too small for most types of armour.
You have supernaturally acute eyesight. (SInv)
You are a herbivore.
You cover ground extremely quickly.
You need to consume almost no food.


Message History

The wolf bites you! The wolf bites you. The wolf completely misses you.
You block the wolf's attack. The wolf bites you! The wolf bites you.
The wolf misses you. The wolf bites you!
* * * LOW HITPOINT WARNING * * *
Okay, then.
Okay, then.
You feel better. You block the wolf's attack. The wolf misses you. x2
The wolf bites you.
* * * LOW HITPOINT WARNING * * *
Grum completely misses you. The wolf misses you. The wolf closely misses you.
Grum closely misses you. The wolf misses you.
Gastronok waves his eye-stalks in wide circles.
The air twists around and strikes you!!
Ouch! That really hurt!
You die...
Your body crumbles into a pile of gold.

..$...####,,..# *#...,***,,,,,,
.........####.## *#...#***,,,,,,,
...........(...###....# *,,,,,,,
.>....<.....Jo.......##***,,,,,,,
..........###..........,,,,,,,,,,
....8.....# ##g...##.#****,,,,,,,
.....J....## #.h####.# **,,,,,,
....8......####h##...#####,,,,,,,
)J.........w....@..<.....#,,,,,,,
_...8.#...###.....######.#,,,,,,,
##....#%.w# #.###.#### #.#,,,,,..
,,..#*#...#*#.#......# #.#,,,,...
*,##* ###..,..#......# #.##,,,...
,,,,***###..###......# #..#*,,...
*,,,,,,.....##.......# ##.#***#..
***,***..............# #.#####..
***,**,.##.###.......# #....##..


You could see Gastronok, Grum, 2 wolves, a jelly and an orc.

Vanquished Creatures
  An orc knight (Bailey)
  A hippogriff (D:7)
  Sigmund (D:2)
  A human (D:7)
  4 hogs (D:7)
  Menkaure (Ossuary)
  2 ice beasts
  3 orc warriors (Bailey)
  A wolf (D:8)
  3 ogres
  3 centaurs
  3 bullfrogs
  A scorpion (D:4)
  5 wights (D:7)
  A centaur zombie (D:7)
  4 howler monkeys
  2 crimson imps
  2 bullfrog zombies (D:5)
  3 hounds
  A centaur skeleton (D:4)
  An iron imp (D:6)
  An orc wizard (D:4)
  3 worker ants
  3 mummies (Ossuary)
  A worker ant zombie (D:5)
  15 gnolls
  7 adders
  2 oozes
  A worm (D:2)
  A dart slug (D:2)
  3 leopard geckos
  9 orcs
  2 ball pythons
  5 bats
  4 giant cockroaches
  5 gnoll zombies (Ossuary)
  9 goblins
  3 hobgoblins
  12 jackals
  21 kobolds
  7 quokkas
  2 frilled lizards
  7 gnoll skeletons (Ossuary)
  2 goblin skeletons (Ossuary)
  3 goblin zombies (Ossuary)
  4 hobgoblin skeletons (Ossuary)
  6 hobgoblin zombies (Ossuary)
  6 kobold skeletons (Ossuary)
  A kobold zombie (Ossuary)
  2 leopard gecko skeletons
  2 orc skeletons (Ossuary)
  6 orc zombies (Ossuary)
  A rat (D:2)
  4 rat skeletons (Ossuary)
  3 rat zombies (Ossuary)
207 creatures vanquished.

Vanquished Creatures (collateral kills)
  A gnoll (Bailey)
  A goblin (Bailey)
2 creatures vanquished.

Vanquished Creatures (others)
  6 dancing weapons
  A hobgoblin zombie (Ossuary)
7 creatures vanquished.

Grand Total: 216 creatures vanquished

Notes
Turn   | Place    | Note
-------+----------+-------------------------------------------
     0 | D:1      | McIrco the Spriggan Enchanter began the quest for the Orb.
     0 | D:1      | Reached XP level 1. HP: 9/9 MP: 5/5
   459 | D:2      | Reached XP level 2. HP: 13/13 MP: 6/6
   469 | D:2      | Learned a level 2 spell: Ensorcelled Hibernation
  1020 | D:2      | Reached XP level 3. HP: 16/16 MP: 5/8
  1318 | D:2      | Noticed Sigmund
  1597 | D:2      | Learned a level 3 spell: Confusing Touch
  1610 | D:2      | Killed Sigmund
  1610 | D:2      | Reached skill level 6 in Stealth
  1610 | D:2      | Reached XP level 4. HP: 18/21 MP: 3/10
  1610 | D:2      | Reached XP level 5. HP: 22/25 MP: 3/11
  1733 | D:2      | Reached skill level 5 in Hexes
  1926 | D:3      | Found an iron altar of Okawaru.
  2751 | D:4      | Reached skill level 7 in Stealth
  2751 | D:4      | Reached XP level 6. HP: 19/29 MP: 5/12
  2800 | D:4      | Found Odylall's Gadget Emporium.
  2808 | D:4      | Found Kanykk's Book Shop.
  3096 | D:4      | Found Nosuhuh's General Store.
  3100 | D:4      | Reached skill level 5 in Dodging
  3608 | D:4      | Learned a level 3 spell: Tukima's Dance
  3612 | D:4      | Learned a level 3 spell: Dazzling Flash
  3683 | D:4      | Found a sparkling altar of Nemelex Xobeh.
  3693 | D:4      | You fall into a shaft and drop 1 floor!
  3693 | D:5      | Entered Level 5 of the Dungeon
  3709 | D:5      | Reached skill level 1 in Ice Magic
  3745 | D:4      | Reached XP level 7. HP: 32/32 MP: 13/13
  3802 | D:4      | Found a hazy altar of Hepliaklqana.
  3803 | D:4      | Found a shimmering blue altar of Sif Muna.
  3880 | D:4      | Reached skill level 8 in Stealth
  4472 | D:5      | Found a staircase to the Ecumenical Temple.
  4481 | Temple   | Entered the Ecumenical Temple
  4679 | Temple   | Became a worshipper of Gozag Ym Sagoz the Greedy
  5507 | D:6      | Reached skill level 9 in Stealth
  5513 | D:6      | Got a translucent hunting sling
  5547 | D:6      | Found an opulent altar of Gozag.
  5624 | D:6      | Reached XP level 8. HP: 26/37 MP: 12/15
  5656 | D:6      | Found a sand-covered staircase.
  5666 | Ossuary  | Entered an ossuary
  6686 | Ossuary  | Reached skill level 10 in Stealth
  6696 | Ossuary  | Noticed Menkaure
  6702 | Ossuary  | Killed Menkaure
  7459 | D:6      | Found a snail-covered altar of Cheibriados.
  7469 | D:6      | Reached skill level 1 in Fighting
  7963 | D:7      | Reached skill level 11 in Stealth
  8126 | D:7      | Reached skill level 5 in Spellcasting
  8186 | D:7      | Noticed a hippogriff
  8193 | D:7      | Killed a hippogriff
  8837 | D:7      | Reached XP level 9. HP: 34/41 MP: 10/18
  9412 | D:7      | Reached skill level 12 in Stealth
 10149 | D:7      | Reached skill level 13 in Stealth
 10407 | D:8      | Found a hide-covered altar of Uskayaw.
 10407 | D:8      | Noticed Gastronok
 10419 | D:8      | Noticed Grum
 10439 | D:8      | Found a flagged portal.
 10465 | Bailey   | Entered a bailey
 10544 | Bailey   | Noticed an orc knight
 10575 | Bailey   | Killed an orc knight
 11097 | D:8      | Reached XP level 10. HP: 45/45 MP: 21/21
 11208 | D:8      | Killed from afar by Gastronok

Illustrated notes

Levels and vault maps discovered:
D:1:      mrwooster_arrival_statue, layout_basic, minmay_tree_intersection,
          kennysheep_crisscross
D:2:      layout_loops_cross, grunt_ministairs_8, uniq_sigmund
D:3:      layout_basic, lemuel_round_altar, kennysheep_generic_room_13
D:4:      layout_rooms, kennysheep_little_box, gammafunk_temple_overflow_pools,
          serial_shops, shop, shop_fountains, nicolae_shop_behind_doors
D:5:      layout_cave_pods, minmay_temple_entry_junction, first_ration
D:6:      layout_basic, slow_altar_2, lightli_ossuary_entry_decrepit_ruins,
          nicolae_gozag_seed_capital
D:7:      layout_basic, grunt_livestock
D:8:      layout_rooms, eat_drink_and_be_merry_uskayaw, enter_bailey_2,
          uniq_grum, uniq_gastronok
Temple:   dpeg_chambers_temple

Skill      XL: |  1  2  3  4  5  6  7  8  9 |
---------------+----------------------------+-----
Hexes          | 4 5 6 8 |  8.0
Short Blades   | 2 3 4 |  4.2
Dodging        | 4 5 6 7 9 |  9.1
Stealth        | 6 7 9 11 13 | 13.6
Spellcasting   | 3 4 5 7 |  7.0
Ice Magic      | 1 2 |  2.5
Fighting       | 1 |  1.3

Action                   |  1- 3 |  4- 6 |  7- 9 | 10-12 || total
-------------------------+-------+-------+-------+-------++-------
Melee: Dagger            |    86 |    82 |   453 |     1 ||   622
 Cast: Ensorcelled Hiber |    13 |    38 |    62 |     1 ||   114
       Confusing Touch   |     1 |       |    33 |       ||    34
       Tukima's Dance    |       |       |     9 |       ||     9
       Corona            |       |       |     1 |       ||     1
       Dazzling Flash    |       |       |     1 |       ||     1
Invok: Potion Petition   |       |       |     1 |       ||     1
  Use: Scroll            |       |       |    23 |       ||    23
       Potion            |       |       |     2 |     1 ||     3
 Stab: Sleeping          |    14 |    37 |    54 |       ||   105
       Confused          |     1 |       |    25 |       ||    26
       Distracted        |       |       |     3 |       ||     3
  Eat: Ration            |       |     1 |     6 |       ||     7
Armor: Robe              |    10 |     4 |    26 |       ||    40
Dodge: Dodged            |    73 |    58 |   402 |    14 ||   547
Block: Other             |       |       |    88 |     2 ||    90
       Reflection        |       |       |    36 |       ||    36
